 Dungeon Crawl Stone Soup version 0.20-a0-266-gdedccd6 (webtiles) character file.

410 PurpleRed the Chopper (level 6, 0/48 HPs)
             Began as a Mummy Fighter on Dec 5, 2016.
             Hit by a goblin thrown by Robin (1 damage)
             ... on level 4 of the Dungeon.
             The game lasted 00:04:32 (3201 turns).

PurpleRed the Chopper (Mummy Fighter)               Turns: 3201, Time: 00:04:32

Health: 0/48       AC: 13    Str: 21    XL:     6   Next: 58%
Magic:  6/6        EV:  3    Int:  7    God:
Gold:   142        SH:  9    Dex: 12    Spells: 5/5 levels left

rFire  x . .     SeeInvis .     a - +0 war axe
rCold  + . .     Gourm    .     b - +0 plate armour
rNeg   + + +     Faith    .     c - +0 shield
rPois  ∞         Spirit   .     (no helmet)
rElec  .         Reflect  .     (no cloak)
rCorr  .         Harm     .     e - +1 pair of gloves
MR     .....                    (no boots)
Stlth  ..........               (no amulet)
                                (no ring)
                                (no ring)

@: no status effects
A: no food or potions, fire vulnerability, cold resistance 1, negative energy
resistance 3, torment resistance, unbreathing
a: no special abilities


You were on level 4 of the Dungeon.
You were not hungry.

You visited 1 branch of the dungeon, and saw 4 of its levels.

You collected 142 gold pieces.

Inventory:

Hand Weapons
 a - a +0 war axe (weapon)
Missiles
 d - 2 tomahawks (quivered)
 i - 2 throwing nets
Armour
 b - a +0 plate armour (worn)
 c - a +0 shield (worn)
 e - a +1 pair of gloves (worn)
Scrolls
 f - a scroll of teleportation
 g - a scroll of identify
 h - a scroll of fog
 k - 2 scrolls of blinking


   Skills:
 - Level 4.0 Fighting
 * Level 4.8 Axes
 + Level 3.4 Armour
 - Level 2.4 Shields


You had 5 spell levels left.
You didn't know any spells.

Dungeon Overview and Level Annotations

Branches:
Dungeon (4/15)
 Temple: D:4-7

Altars:
Fedhas
Kikubaaqudgha
Makhleb
Qazlal
Sif Muna

Annotations:
D:4 Robin


Innate Abilities, Weirdness & Mutations

You do not eat or drink.
Your flesh is vulnerable to fire.
You are immune to poison.
Your flesh is cold resistant. (rC+)
You are immune to negative energy. (rN+++)
You are immune to unholy pain and torment.
You can survive without breathing.


Message History

The orc priest shouts!
The orc priest calls down the wrath of Beogh upon you.
Beogh smites you!
* * * LOW HITPOINT WARNING * * *
You hear a shout!
A goblin comes into view. It is wielding a dagger of venom.
The goblin shouts!
A goblin and Robin come into view.
Robin is wielding a vampiric short sword. 2 goblins and a hobgoblin come into view.
Robin shouts!
The goblin shouts! x3
Robin throws the goblin at you!
The goblin unwields an uncursed club.
The goblin wields a hunting sling.
The goblin shoots a stone.
You block the stone.
The goblin moves out of view. 2 goblins, a hobgoblin and an orc come into view.
You see here a stone. 2 goblins come into view.
The goblin shouts! x2; The hobgoblin shouts!
The goblin moves out of view. x2; Robin throws the goblin at you!
You die...

.# .. . .# #.# .#.# .###
#.##.#.# #+# ...# #.#.
..# #... .#.# #..###.#
#g..g ...#
#...#..##g.gg.
...########....#.#...g..
...............g.'......
...########..O.g@# ...#
##.#o### .....# #.....#
...#.# #o###.# ...#.#
..o# .# .#.# # ....># .
...# #.#.##.. #. # #.
##. .. # . .#


You could see an ogre, Robin, an orc priest, an orc wizard, 2 hobgoblins and 5
goblins.

Vanquished Creatures
  3 scorpions
  3 hounds
  Ijyb (D:3)
  A worker ant (D:4)
  4 adders
  An adder skeleton (D:4)
  A worm (D:2)
  4 dart slugs
  4 leopard geckos
  6 orcs (D:3)
  3 giant cockroaches
  4 goblins
  5 hobgoblins
  4 jackals (D:1)
  8 kobolds
  2 quokkas
  A ball python (D:3)
  6 bats
  6 frilled lizards
  6 rats
73 creatures vanquished.

Notes
Turn   | Place    | Note
-------+----------+-------------------------------------------
     0 | D:1      | PurpleRed the Mummy Fighter began the quest for the Orb.
     0 | D:1      | Reached XP level 1. HP: 18/18 MP: 1/1
   218 | D:1      | Reached XP level 2. HP: 23/24 MP: 2/2
   617 | D:2      | Reached XP level 3. HP: 29/29 MP: 3/3
   865 | D:2      | Reached XP level 4. HP: 28/36 MP: 4/4
  1108 | D:2      | Found a stormy altar of Qazlal.
  1217 | D:2      | Found an ancient bone altar of Kikubaaqudgha.
  1717 | D:3      | Found a blossoming altar of Fedhas.
  1948 | D:3      | Found a burning altar of Makhleb.
  1962 | D:3      | Reached XP level 5. HP: 40/42 MP: 5/5
  2165 | D:3      | Noticed Ijyb
  2464 | D:3      | Killed Ijyb
  2605 | D:4      | Reached XP level 6. HP: 44/48 MP: 6/6
  2772 | D:4      | Found a deep blue altar of Sif Muna.
  3198 | D:4      | HP: 1/48 [orc priest/divine providence (17)]
  3200 | D:4      | Noticed Robin
  3201 | D:4      | Hit by a goblin thrown by Robin

Vault maps used:
D:1:      shiori_arrival_oz
D:2:      grunt_qazlal_clouds, lemuel_round_altar
D:3:      marbit_many_paths, makhleb_blood_cavern_becter, minmay_statues_item,
          uniq_iyjb
D:4:      old_standard_altar, vehumet_statue, lemuel_doored_altar,
          minmay_surrounded, uniq_robin

Skill      XL: |  1  2  3  4  5 |
---------------+----------------+-----
Axes           | 2 3 4 |  4.8
Fighting       | 4 |  4.0
Armour         | 3 |  3.4
Shields        | |  2.4

Action                   |  1- 3 |  4- 6 || total
-------------------------+-------+-------++-------
Melee: War axe           |    90 |   172 ||   262
  Use: Scroll            |       |     5 ||     5
Armor: Scale mail        |    52 |     1 ||    53
       Chain mail        |       |    40 ||    40
       Plate armour      |       |   106 ||   106
Dodge: Dodged            |    31 |    41 ||    72
Block: Shield            |    69 |    94 ||   163
